 Dungeon Crawl Stone Soup version 0.17.2-1-ge4368a0 (webtiles) character file.

7 tidbits the Insei (level 1, 8/15 HPs)
             Began as a Demigod Transmuter on Sept 21, 2017.
             Quit the game on level 2 of the Dungeon.
             The game lasted 00:01:07 (124 turns).

tidbits the Insei (Demigod Transmuter)               Turns: 124, Time: 00:01:08

Health: 8/15       AC:  2    Str: 13    XL:     1   Next: 73%
Magic:  5/5        EV: 12    Int: 17    God:
Gold:   15         SH:  0    Dex: 16    Spells: 1 memorised, 2 levels left

rFire  . . .     SeeInvis .     g - -3 hunting sling (curse)
rCold  . . .     Clarity  .     b - +0 robe
rNeg   . . .     SustAt   +     (no shield)
rPois  .         Gourm    .     (no helmet)
rElec  .         Spirit   .     (no cloak)
rCorr  .         Warding  .     (no gloves)
rMut   .         Stasis   .     (no boots)
MR     .....                    (no amulet)
Stlth  +.........               (no ring)
                                (no ring)

@: not resistant to hostile enchantments, very unstealthy
A: high mp 1, sustain attributes
a: no special abilities


You were on level 2 of the Dungeon.
You were not hungry.

You visited 1 branch of the dungeon, and saw 2 of its levels.

You collected 15 gold pieces.

Inventory:

Hand Weapons
 g - a cursed -3 hunting sling (weapon)
   (You found it on level 2 of the Dungeon)
Missiles
 a - 12 arrows
Armour
 b - a +0 robe (worn)
Scrolls
 f - a scroll of teleportation {unknown}
Potions
 e - a potion of curing {unknown}
Books
 c - a book of Changes

   Spells                             Type                      Level
   a - Beastly Appendage              Transmutation                1
   b - Sticks to Snakes               Transmutation                2
   c - Spider Form                    Transmutation/Poison         3
   d - Ice Form                       Ice/Transmutation            4
   e - Blade Hands                    Transmutation                5
Comestibles
 d - 2 bread rations


   Skills:
 - Level 0.8 Fighting
 - Level 1.7 Dodging
 + Level 2.9 Unarmed Combat
 + Level 1.8 Spellcasting
 + Level 2.1 Transmutations


You had 2 spell levels left.
You knew the following spells:

 Your Spells              Type           Power        Failure   Level  Hunger
e - Beastly Appendage     Trmt           #.....       10%         1    #......


Dungeon Overview and Level Annotations

Branches:
Dungeon (2/15)


Innate Abilities, Weirdness & Mutations

You have an increased reservoir of magic (+10% MP).
Your attributes are resistant to harm.


Message History

The hobgoblin hits you.
You hit the hobgoblin. You claw the hobgoblin.
The hobgoblin is almost dead.
Your transformation is almost over.
The hobgoblin closely misses you.
You hit the hobgoblin.
You kill the hobgoblin!
There is a stone staircase leading down here.
You climb downwards. 2 bats come into view.
Found a scroll labeled WEREUJUYWOT.
There is a stone staircase leading up here.
The helpless bat fails to defend itself.
You hit the bat.
You kill the bat!
Your Transmutations skill increases to level 2!
The bat closely misses you.
You barely miss the bat. Your kick misses the bat. The bat hits you.
Your talons disappear.
The bat barely misses you. The bat misses you.
There is a stone staircase leading up here.
The bat completely misses you.
Casting: Beastly Appendage
Confirm with . or Enter, or press ? or * to list all spells.
Your feet morph into talons.
The bat barely misses you.
You hit the bat but do no damage. Your kick misses the bat.
The bat barely misses you. The bat hits you. The bat barely misses you.
Your transformation is almost over.
The bat completely misses you.
You hit the bat but do no damage. The bat hits you but does no damage.
The bat closely misses you.
You barely miss the bat. The bat hits you but does no damage.
A bat comes into view.
The bat misses you.
You closely miss the bat. You claw the bat.
The bat is severely wounded.
The bat closely misses you. The bat hits you.
The bat hits you but does no damage. x2
You hit the bat.
You kill the bat!
The bat closely misses you. The bat hits you but does no damage.
You completely miss the bat. Your kick misses the bat. You punch the bat.
The bat is heavily wounded.
The bat closely misses you. The bat hits you but does no damage.
You hit the bat.
The bat is almost dead.
Your talons disappear.
The bat completely misses you. The bat barely misses you.
You hit the bat.
You kill the bat!
Found 5 gold pieces.
f - a scroll labeled WEREUJUYWOT You now have 5 gold pieces.
A rat comes into view.
Found a stone staircase leading down.
Casting: Beastly Appendage
Confirm with . or Enter, or press ? or * to list all spells.
You miscast Beastly Appendage.
You are very lightly contaminated with residual magic.
Your skin glows momentarily.
Casting: Beastly Appendage
Confirm with . or Enter, or press ? or * to list all spells.
You grow a pair of large bovine horns.
The rat bites you.
You hit the rat.
The rat is moderately wounded.
The rat bites you.
* * * LOW HITPOINT WARNING * * *
You closely miss the rat. You headbutt the rat.
You kill the rat!
Wield which item (- for none, * to show all)? (? for menu, Esc to quit)
a - 12 arrows (in hand)
You swing at nothing.
You swing at nothing.
You swing at nothing.
Your transformation is almost over.
You swing at nothing.
You swing at nothing.
You swing at nothing.
You swing at nothing.
You swing at nothing.
Your horns disappear.
Wield which item (- for none, * to show all)? (? for menu, Esc to quit)
You are now empty-handed.
Found 27 gold pieces.
Your magical contamination has completely faded away.
Found a hunting sling.
You now have 15 gold pieces (gained 10).
Found a bread ration.
Found a bubbling black potion.
You see here a hunting sling.
g - a hunting sling Wield which item (- for none, * to show all)? (? for menu, Esc to quit)
It sticks to your hand!
g - a cursed -3 hunting sling (weapon)
Adjust (i)tems, (s)pells, or (a)bilities?
Okay, then.
Are you sure you want to abandon this character and quit the game? (Confirm with "yes".)

#%.##....# #. .
#........#!.. ...
#.##...#....#.# ..
.........#...## ..
.............
#.#####...........
..............#...
#.#.....@....... #
#.##............ .$#
##...........#...
...####............# .
....>.#.####.........
...###...####..........
..........#......###.###
...###..........### .#
#.###†........


There were no monsters in sight!

Vanquished Creatures
  A hobgoblin (D:1)
  3 bats (D:2)
  A giant newt (D:1)
  A goblin (D:1)
  2 rats
8 creatures vanquished.

Notes
Turn   | Place    | Note
--------------------------------------------------------------
     0 | D:1      | tidbits the Demigod Transmuter began the quest for the Orb.
     0 | D:1      | Reached XP level 1. HP: 15/15 MP: 5/5
    60 | D:2      | Reached skill level 2 in Transmutations
   124 | D:2      | Quit the game

Action                   || total
-------------------------++-------
Melee: Unarmed           ||    19
 Cast: Beastly Appendage ||     5
 Stab: Sleeping          ||     1

Table legend:
 A = Turns spent in this place as a percentage of turns spent in the entire game.
 B = Non-inter-level travel turns spent in this place as a percentage of non-inter-level travel turns spent in the entire game.
 C = Inter-level travel turns spent in this place as a percentage of turns spent in this place.
 D = Turns resting spent in this place as a percentage of non-inter-level travel turns spent in this place.
 E = Turns spent auto-exploring this place as a percentage of non-inter-level travel turns spent in this place.
 F = Non-inter-level travel turns spent in this place divided by the number of levels of this place that you've seen.
                   A       B       C       D       E      F
               +-------+-------+-------+-------+-------+----------------------
         Total | 100.0 | 100.0 |   0.0 |   0.0 |   0.0 |  61.0
       Dungeon | 100.0 | 100.0 |   0.0 |   0.0 |   0.0 |  61.0
               +-------+-------+-------+-------+-------+----------------------

Table legend:
 A = Kills in this place as a percentage of kills in entire the game.
 B = Kills by you in this place as a percentage of kills by you in the entire game.
 C = Kills by friends in this place as a percentage of kills by friends in the entire game.
 D = Other kills in this place as a percentage of other kills in the entire game.
 E = Experience gained in this place as a percentage of experience gained in the entire game.
 F = Experience gained in this place divided by the number of levels of this place that you have seen.
                   A       B       C       D       E      F
               +-------+-------+-------+-------+-------+----------------------
         Total | 100.0 | 100.0 |  -nan |  -nan | 100.0 |   5.5
       Dungeon | 100.0 | 100.0 |  -nan |  -nan | 100.0 |   5.5
               +-------+-------+-------+-------+-------+----------------------

Vault maps used:
D:1:      roderic_crossed_star
D:2:      yredelemnul_altar_generic
